 Dungeon Crawl Stone Soup version 0.29-a0-219-g0a02b1cf4f (console) character file.

Game seed: 6349258766488835258

49 jejorda2 the Shooter (level 3, -1/21 HPs)
             Began as a Tengu Hunter on Feb 25, 2022.
             Killed by nerve-wracking pain
             ... invoked by an orc priest
              (11 damage)
             ... on level 3 of the Dungeon.
             The game lasted 00:03:11 (1399 turns).

jejorda2 the Shooter (Tengu Hunter)                 Turns: 1399, Time: 00:03:12

Health: -1/21      AC:  3    Str: 12    XL:     3   Next: 77%
Magic:  4/4        EV: 16    Int: 11    God:
Gold:   72         SH:  0    Dex: 16    Spells: 2/2 levels left

rFire   . . .      SeeInvis .   a - +1 shortbow
rCold   . . .      Faith    .   (shield currently unavailable)
rNeg    . . .      Spirit   .   b - +0 leather armour
rPois   .          Reflect  .   (helmet restricted)
rElec   .          Harm     .   (no cloak)
rCorr   .          Rampage  .   (no gloves)
Will    .....                   (boots unavailable)
Stlth   ++........              (no amulet)
HPRegen 0.07/turn               c - +4 ring of evasion
MPRegen 0.09/turn               (no ring)

@: attractive
A: beak, talons 3
a: no special abilities


You were on level 3 of the Dungeon.
You visited 1 branch of the dungeon, and saw 3 of its levels.

You collected 72 gold pieces.

Inventory:

Hand Weapons
 a - a +1 shortbow (weapon)
Armour
 b - a +0 leather armour (worn)
Jewellery
 c - a +4 ring of evasion (left hand)
Scrolls
 d - a scroll of identify {unknown}
 e - a scroll of teleportation {unknown}
 g - a scroll of amnesia {unknown}
 i - 2 scrolls of fear {unknown}
 j - a scroll of fog {unknown}
Potions
 f - a potion of lignification {unknown}
 h - a potion of attraction


   Skills:
 - Level 2.0 Fighting
 * Level 5.4 Bows
 - Level 2.1 Dodging
 + Level 2.2 Stealth


You had 2 spell levels left.
You didn't know any spells.
Your spell library contained the following spells:

 Spells                   Type           Power      Damage    Failure   Level
 Animate Skeleton         Necr           0%         N/A       41%         1
 Apportation              Tloc           0%         N/A       41%         1
 Summon Small Mammal      Summ           0%         N/A       41%         1


Dungeon Overview and Level Annotations

Branches:
Dungeon (3/15)

Altars:

Annotations:
D:2 Natasha, Terence


Innate Abilities, Weirdness & Mutations

You have a beak for a mouth.
You have claws for feet.


Message History

Terence hits you from afar with a +0 trident.
There is a stone staircase leading down here.
Unknown command.
Press: ? - help, v - describe, . - travel
Here: Terence, wielding a +0 trident and wearing a +0 ring mail (moderately wounded)
The floor.
Placed new exclusion.
Terence misses you.
You climb downwards.
The orc shouts! x3; The orc priest shouts!
There is a stone staircase leading up here.
Unknown command.
The orc hits you with a +0 short sword. The orc completely misses you.
The orc closely misses you.
You are too injured to fight recklessly!
You are too injured to fight recklessly!
You are too injured to fight recklessly!
Shoot: a) +1 shortbow
Press: ? - help, Q - select action Shift-Dir - straight line, f - orc
Aim: an orc, wielding a +0 club (64% to hit)
You shoot an arrow. The arrow closely misses the orc.
Unknown command.
It was a potion of attraction.
You feel attractive to monsters.
Shoot: a) +1 shortbow
Press: ? - help, Q - select action Shift-Dir - straight line, f/p - orc
Aim: an orc, wielding a +0 club (64% to hit)
You shoot an arrow. The arrow hits the orc!
You kill the orc!
Unknown command.
Shoot: a) +1 shortbow
Press: ? - help, Q - select action Shift-Dir - straight line, f - orc
Aim: an orc, wielding a +0 short sword (64% to hit)
You shoot an arrow. The arrow hits the orc!
You kill the orc!
The orc priest invokes the aid of Beogh against you.
Pain shoots through your body!
Ouch! That really hurt!
You die...

###########
.......@o.#
#########.#
#..# #.##
#o.# #..#
#..# #..#
####


You could see an orc priest.

Vanquished Creatures
  An adder (D:2)
  A dart slug (D:1)
  2 orcs (D:3)
  3 ball pythons (D:1)
  An endoplasm (D:1)
  7 hobgoblins
  4 jackals (D:1)
  3 quokkas
  3 bats
  4 goblins
  3 kobolds (D:1)
  2 rats (D:1)
34 creatures vanquished.

Notes
Turn   | Place    | Note
-------+----------+-------------------------------------------
     0 | D:1      | jejorda2 the Tengu Hunter began the quest for the Orb.
     0 | D:1      | Reached XP level 1. HP: 12/12 MP: 2/2
   143 | D:1      | Reached XP level 2. HP: 17/17 MP: 3/3
   351 | D:1      | Reached skill level 5 in Bows
   441 | D:1      | Reached XP level 3. HP: 20/21 MP: 4/4
   936 | D:2      | Noticed Terence
   937 | D:2      | Noticed Natasha
   957 | D:2      | HP: 1/21 [Terence/+0 trident (10)]
  1276 | D:2      | Found a faded altar of an unknown god.
  1399 | D:3      | Killed from afar by an orc priest

Illustrated notes

Levels and vault maps discovered:
D:1:      dpeg_arrival_rhombus, layout_loops_corners, item_on_display_a
D:2:      layout_rooms, shapermc_ecumenical_altar_venn, uniq_natasha,
          uniq_terence
D:3:      minmay_skewed_foursquare, layout_basic, mainiacjoe_overflow_catwalk,
          nicolae_uskayaw_suspiria, uniq_robin, uniq_jessica

Skill      XL: |  1  2  3 |
---------------+----------+-----
Bows           | 5 |  5.4
Stealth        | 2 |  2.2
Fighting       | |  2.0
Dodging        | |  2.1

Action                   || total
-------------------------++-------
 Fire: Shortbow          ||    93
  Use: Potion            ||     1
Dodge: Dodged            ||    16

Table legend: (Time is in decaauts)
 A = Elapsed time spent in this place.
 B = Non-inter-level travel time spent in this place.
 C = Inter-level travel time spent in this place.
 D = Time resting spent in this place.
 E = Time spent auto-exploring this place.
 F = Levels seen in this place.
 G = Mean time per level.
                   A        B        C        D        E       F      G
               +--------+--------+--------+--------+--------+-----+--------+
         Total |   1427 |   1380 |     47 |      0 |   1138 |   3 |  475.7 |
       Dungeon |   1427 |   1380 |     47 |      0 |   1138 |   3 |  475.7 |
               +--------+--------+--------+--------+--------+-----+--------+

Top non-repeatable levels by time:
     D:1: 1214 daAuts
     D:2: 203 daAuts
     D:3: 9 daAuts
